 Dungeon Crawl Stone Soup version 0.14-a0-1876-g927fc3a (webtiles) character file.

403 Kae the Ruffian (level 5, -5/40 HPs)
             Began as a Draconian Transmuter on Jan 14, 2014.
             Slain by a green rat (6 damage)
             ... in a sewer.
             The game lasted 00:03:35 (3188 turns).

Kae the Ruffian (Draconian Transmuter)              Turns: 3188, Time: 00:03:35

HP  -5/40        AC  5     Str 13      XL: 5   Next: 65%
MP   9/9         EV 12     Int 13      God:
Gold 182         SH  0     Dex 12      Spells:  3 memorised,  2 levels left

rFire  . . .     SeeInvis .       - Unarmed
rCold  . . .     Clarity  .     (armour unavailable)
rNeg   + . .     Conserve .     (no shield)
rPois  .         rCorr    .     (helmet restricted)
rElec  .         rRot     .     (no cloak)
SustAb . .       Spirit   .     (no gloves)
rMut   .         Warding  .     (no boots)
Saprov . . .     Stasis   .     (no amulet)
MR     .....                    (no ring)
                                f - ring of positive energy {unknown}

@: appendage, not resistant to hostile enchantments, unstealthy
A: unfitting armour, horns 2, AC +5
a: End Transformation


You were in a sewer.
You were not hungry.
You had grown temporary horns.
You visited 1 branch of the dungeon, and saw 4 of its levels.
You also visited: Sewer.

You collected 182 gold pieces.

Inventory:

Missiles
 b - 12 arrows
 c - 19 arrows of dispersal
 s - 2 tomahawks (quivered)
Comestibles
 a - 4 bread rations
 i - an apple
 j - a choko
 o - a pear
 t - an orange
Scrolls
 e - 5 scrolls of identify {unknown}
 g - a scroll of curse jewellery {unknown}
 h - a scroll of curse armour {unknown}
 k - a scroll of remove curse {unknown}
 n - a scroll of recharging {unknown}
 p - a scroll of immolation {unknown}
 q - a scroll of fog {unknown}
Jewellery
 f - a ring of positive energy (left hand) {unknown}
Potions
 m - a potion of restore abilities
 r - a potion of agility {unknown}
 u - a potion of curing {unknown}
 v - a potion of heal wounds {unknown}
Books
 d - a book of Changes

   Spells                             Type                      Level
   *Beastly Appendage                 Transmutation                1
   *Sticks to Snakes                  Transmutation                2
   *Spider Form                       Transmutation/Poison         3
   Ice Form                           Ice/Transmutation            4
   Blade Hands                        Transmutation                5


   Skills:
 - Level 1.1 Fighting
 - Level 1.7 Dodging
 * Level 5.6 Unarmed Combat
 - Level 2.0 Spellcasting
 + Level 3.6 Transmutations


You had 2 spell levels left.
You knew the following spells:

 Your Spells              Type           Power        Failure   Level  Hunger
a - Beastly Appendage     Trmt           ##....       8%          1    ##.....
b - Sticks to Snakes      Trmt           ##........   10%         2    ###....
c - Spider Form           Trmt/Pois      #.........   38%         3    ####...


Dungeon Overview and Level Annotations

Branches:
Dungeon (4/16)
 Temple: D:4-7

Altars:
Elyvilon
Vehumet


Innate Abilities, Weirdness & Mutations

Your plain brown scales are hard (AC +5).*
Your body does not fit into most forms of armour.
Your cold-blooded metabolism reacts poorly to cold.
You have a pair of horns on your head.*


Message History

You are too injured to fight recklessly!
You closely miss the ball python. The grey rat barely misses you.
The ball python bites you but does no damage.
The ball python grabs you. The ball python constricts you.
You closely miss the ball python. The green rat bites you!
* * * LOW HITPOINT WARNING * * *
The ball python bites you but does no damage.
The ball python constricts you. The grey rat bites you.
* * * LOW HITPOINT WARNING * * *
You hit the ball python.
You kill the ball python!
The grey rat closely misses you. The green rat bites you.
* * * LOW HITPOINT WARNING * * *
Drink which item? (? for menu, Esc to quit)
It has a very clean taste.
You feel clumsy.
It was a potion of cure mutation.
The grey rat bites you but does no damage.
The green rat bites you.
You die...

....≈≈≈≈≈≈≈≈≈....##
#....≈≈≈≈≈≈≈......#
#....≈≈≈≈≈≈≈......#
#....≈≈≈≈≈≈≈......#
#.≈≈≈≈≈.≈.....## ##
##..≈≈≈.≈.....# #..
##..≈≈≈....%.##
#...##..%≈≈≈......####
#..%@...≈≈≈....%###∩#
##.%rr..≈≈......###.#
#......≈≈≈......#..#
#.....≈≈≈≈........##
#......≈≈........##
......≈≈≈.≈.....##
#......≈≈≈≈≈.....#
...#..≈≈≈≈≈≈...... ##.
≈≈≈......#


You could see a green rat and a grey rat.

Vanquished Creatures
  Jessica (D:2)
  3 gnolls (D:2)
  6 adders
  3 giant mites
  8 grey rats (Sewer)
  2 giant geckos
  An ooze (D:1)
  An orc (D:3)
  3 giant cockroaches
  10 goblins
  3 hobgoblins
  6 jackals (D:2)
  15 kobolds
  3 ball pythons (Sewer)
  7 bats
  3 giant newts
  8 rats
83 creatures vanquished.

Notes
Turn   | Place    | Note
--------------------------------------------------------------
     0 | D:1      | Kae, the Draconian Transmuter, began the quest for the Orb.
     0 | D:1      | Reached XP level 1. HP: 16/16 MP: 3/3
   141 | D:1      | Reached XP level 2. HP: 17/23 MP: 4/4
   513 | D:2      | Noticed Jessica
   521 | D:2      | Gained mutation: You are agile. (Dex +2) [potion of beneficial mutation]
   529 | D:2      | Killed Jessica
   529 | D:2      | Reached skill level 4 in Unarmed Combat
   529 | D:2      | Reached XP level 3. HP: 6/28 MP: 6/6
   844 | D:2      | Found a radiant altar of Vehumet.
   974 | D:2      | Reached XP level 4. HP: 33/35 MP: 7/7
  1861 | D:2      | Found a white marble altar of Elyvilon.
  1937 | D:2      | Reached skill level 5 in Unarmed Combat
  2146 | D:3      | Reached XP level 5. HP: 37/40 MP: 7/9
  2736 | D:4      | Learned a level 2 spell: Sticks to Snakes
  2740 | D:4      | Learned a level 3 spell: Spider Form
  2771 | D:4      | Found a glowing drain.
  2822 | Sewer    | Entered a sewer
  3187 | Sewer    | HP: 1/40 [green rat (6)]
  3188 | Sewer    | Lost mutation: You are agile. (Dex +2) [potion of cure mutation]
  3188 | Sewer    | Slain by a green rat

Action                   |  1- 3 |  4- 6 || total
-------------------------+-------+-------++-------
Melee: Unarmed           |   131 |   164 ||   295
 Cast: Beastly Appendage |     3 |    15 ||    18
  Use: Potion            |     3 |     2 ||     5
       Scroll            |       |     1 ||     1
